 Dungeon Crawl Stone Soup version 0.22-a0-83-g218e7ff (console) character file.

98 Evablue the Digger (level 4, -1/24 HPs)
             Began as a Gargoyle Earth Elementalist on Jan 20, 2018.
             Slain by an orc (2 damage)
             ... on level 3 of the Dungeon.
             The game lasted 00:04:49 (3081 turns).

Evablue the Digger (Gargoyle Earth Elementalist)    Turns: 3081, Time: 00:04:50

Health: -1/24      AC:  6    Str: 12    XL:     4   Next: 69%
Magic:  4/7        EV: 12    Int: 16    God:
Gold:   145        SH:  0    Dex: 10    Spells: 6/7 levels left

rFire    . . .     SeeInvis .   o - +0 falchion
rCold    . . .     Gourm    .   (no shield)
rNeg     + . .     Faith    .   c - +0 robe
rPois    ∞         Spirit   .   m - +0 helmet
rElec    +         Reflect  .   (no cloak)
rCorr    .         Harm     .   (no gloves)
MR       .....                  (no boots)
Stlth    ++........             (no amulet)
HPRegen  0.08/turn              (no ring)
MPRegen  0.10/turn              (no ring)

@: no status effects
A: negative energy resistance 1, electricity resistance, unbreathing,
petrification resistance, rot immunity, AC +3
a: no special abilities


You were on level 3 of the Dungeon.
You were not hungry.

You visited 1 branch of the dungeon, and saw 3 of its levels.

You collected 145 gold pieces.

Inventory:

Hand Weapons
 k - a +0 short sword
 o - a +0 falchion (weapon)
Missiles
 b - 102 stones (quivered)
Armour
 c - a +0 robe (worn)
 m - a +0 helmet (worn)
Jewellery
 h - an uncursed amulet of guardian spirit {unknown}
Scrolls
 f - 2 scrolls of identify {unknown}
 j - a scroll of fog {unknown}
 l - a scroll of remove curse {unknown}
 n - 2 scrolls of fear {unknown}
 p - a scroll of enchant armour {unknown}
 q - a scroll of amnesia {unknown}
Potions
 a - 2 potions of haste {unknown}
 g - a potion of agility {unknown}
 i - a potion of flight {unknown}
Books
 e - a book of Geomancy

   Spells                             Type                      Level
   a - Sandblast                      Earth                        1
   b - Passwall                       Transmutation/Earth          2
   c - Stone Arrow                    Conjuration/Earth            3
   d - Petrify                        Transmutation/Earth          4
   e - Lee's Rapid Deconstruction     Earth                        5
Comestibles
 d - 6 rations


   Skills:
 - Level 1.5 Dodging
 - Level 2.1 Stealth
 - Level 2.0 Spellcasting
   Level 0.7 Transmutations
 + Level 6.4 Earth Magic


You had 6 spell levels left.
You knew the following spells:

 Your Spells              Type           Power        Failure   Level  Hunger
a - Sandblast             Erth           ###...       1%          1    #......


Dungeon Overview and Level Annotations

Branches:
Dungeon (3/15)

Altars:


Innate Abilities, Weirdness & Mutations

You are resistant to torment.
Your stone body is resilient. (AC +3)
You are immune to poison.
You resist negative energy. (rN+)
You are resistant to electric shocks. (rElec)
You can survive without breathing.
You are immune to petrification.
You are immune to rotting.


Message History

Casting: Sandblast
Confirm with . or Enter, or press ? or * to list all spells.
Aiming: Sandblast
Press: ? - help, Shift-Dir - straight line, f/p - gnoll
Aim: a gnoll, wielding a whip (severely wounded)
The blast of sand hits the gnoll.
You kill the gnoll!
b - 103 stones The gnoll shouts!
The orc closely misses you.
You riposte.
You hit the orc but do no damage.
An orc comes into view. It is wielding a mace.
Casting: Sandblast
Confirm with . or Enter, or press ? or * to list all spells.
Aiming: Sandblast
Press: ? - help, Shift-Dir - straight line, f - gnoll
Aim: a gnoll, wielding a club The blast of sand misses the gnoll.
b - 102 stones The orc hits you.
You die...

#.........#.# #.
#...........# #.
#.........### #.#
##.#...#### ######.##
#.#...# ##.......###
#.#...# ####...##.....#
#.##.##
........#...gg#######.##.#
............gggo@).gg.##.#
.........o..og#######.##.#
#.......(.....# #.##.#
........####### #.##.#
..#....## .....# ..:.....
..#### .##.#..# ..# #.#..#
.# # #..#


You could see an orc wizard, 6 gnolls, 2 orcs, a hobgoblin and a goblin.

Vanquished Creatures
  A gnoll (D:3)
  2 adders (D:2)
  An ooze (D:1)
  A worm (D:2)
  A dart slug (D:2)
  3 leopard geckos
  3 orcs (D:2)
  A ball python (D:2)
  2 giant cockroaches
  2 goblins (D:1)
  5 hobgoblins
  4 jackals (D:2)
  2 quokkas (D:2)
  3 bats
  3 frilled lizards (D:2)
  12 kobolds
  8 rats
54 creatures vanquished.

Notes
Turn   | Place    | Note
-------+----------+-------------------------------------------
     0 | D:1      | Evablue the Gargoyle Earth Elementalist began the quest for the Orb.
     0 | D:1      | Reached XP level 1. HP: 10/10 MP: 3/3
   215 | D:1      | Reached skill level 4 in Earth Magic
   487 | D:1      | Reached XP level 2. HP: 9/15 MP: 5/5
  1507 | D:1      | Reached skill level 5 in Earth Magic
  1507 | D:1      | Reached XP level 3. HP: 8/19 MP: 6/6
  2079 | D:2      | Reached XP level 4. HP: 16/24 MP: 5/7
  2199 | D:2      | Reached skill level 6 in Earth Magic
  3079 | D:3      | HP: 1/24 [gnoll/whip (3)]
  3081 | D:3      | Slain by an orc

Vault maps used:
D:1:      lemuel_arrival_room
D:2:      item_on_display_a
D:3:      first_ration

Skill      XL: |  1  2  3  4 |
---------------+-------------+-----
Earth Magic    | 4 5 6 |  6.4
Dodging        | |  1.5
Stealth        | |  2.1
Spellcasting   | |  2.0
Transmutations | |  0.7

Action                   |  1- 3 |  4- 6 || total
-------------------------+-------+-------++-------
Melee: Unarmed           |    15 |       ||    15
       Dagger            |    99 |       ||    99
       Short sword       |    29 |    70 ||    99
       Falchion          |       |    20 ||    20
 Cast: Sandblast         |     7 |     4 ||    11
 Stab: Sleeping          |     6 |     3 ||     9
  Eat: Chunk             |     4 |     3 ||     7
Armor: Robe              |    41 |    32 ||    73
Dodge: Dodged            |    92 |    60 ||   152
       Rpst.: Falchion   |       |     6 ||     6

Table legend:
 A = Spawn XP
 B = Non-spawn XP
 C = Spawn XP percentage of total XP
 D = Spawn monster count
 E = Non-spawn monster count
 F = Spawn count percentage of total count
 G = Total turns spent on level
                    A         B        C        D         E        F      G
               +---------+---------+-------+---------+---------+-------+---------
         Total |       0 |     140 |   0.0 |       0 |      54 |   0.0 |  3081
               +---------+---------+-------+---------+---------+-------+---------
           D:1 |       0 |      40 |   0.0 |       0 |      20 |   0.0 |  1801
           D:2 |       0 |      76 |   0.0 |       0 |      26 |   0.0 |  1062
           D:3 |       0 |      24 |   0.0 |       0 |       8 |   0.0 |   218
               +---------+---------+-------+---------+---------+-------+---------
